Map: [ESL] Site Delta

Players

SKillous - Winner!

  • Race: Protoss Protoss
  • Spawn Location: 11:00

Lambo

  • Race: Zerg Zerg
  • Spawn Location: 5:00

Event: ESL SC2 Masters 2023 Winter (Finals)

VOD

Have the link to the VOD?

Description

Time

  • Played on: Dec. 15, 2023, 11:50 a.m.
  • Length: 25:54

All games in this series

Show
View Real Time Build Order
Export as new Build Order

SKillous Protoss - Winner!

Build Orders: 1 Gate Expand, Oracle Opening, Carriers 

Get SALT Encoding   

  12  0:00  Probe  
  13  0:13  Pylon  
  13  0:17  Probe (Chrono Boost)  
  14  0:26  Probe (Chrono Boost)  
  15  0:31  Probe (Chrono Boost)  
  16  0:39  Gateway  
  16  0:43  Probe  
  16  0:48  Assimilator  
  17  0:55  Probe  
  18  1:08  Probe  
  19  1:20  Probe  
  20  1:27  Nexus  
  20  1:36  Cybernetics Core  
  20  1:38  Probe  
  21  1:44  Assimilator  
  21  1:50  Probe  
  22  1:55  Pylon  
  22  2:02  Probe  
  23  2:10  Adept (Chrono Boost)  
  23  2:15  Probe  
  26  2:17  Stargate  
  26  2:26  Warp Gate  
  26  2:27  Probe  
  27  2:33  Adept  
  29  2:39  Probe (Chrono Boost)  
  31  2:45  Probe (Chrono Boost)  
  31  2:48  Probe (Chrono Boost)  
  33  2:52  Probe (Chrono Boost)  
  33  2:53  Probe (Chrono Boost)  
  33  2:57  Oracle (Chrono Boost)  
  34  3:03  Probe  
  34  3:05  Zealot, Probe  
  41  3:10  Pylon  
  41  3:15  Probe  
  41  3:18  Gateway  
  42  3:20  Probe  
  42  3:25  Oracle (Chrono Boost)  
  43  3:27  Probe  
  43  3:32  Probe  
  48  3:39  Probe  
  49  3:44  Probe  
  50  3:52  Nexus  
  50  3:59  Oracle (Chrono Boost)  
  50  4:00  Pylon, Probe x2  
  51  4:12  Probe  
  51  4:13  Probe  
  53  4:20  Adept x2  
  57  4:24  Probe  
  57  4:25  Twilight Council, Probe  
  57  4:30  Assimilator  
  55  4:31  Assimilator  
  55  4:36  Shield Battery, Probe  
  55  4:37  Probe  
  57  4:42  Gateway x2  
  57  4:44  Adept  
  59  4:48  Probe  
  59  4:49  Pylon  
  59  4:52  Stalker  
  62  4:59  Blink (Chrono Boost), Probe  
  60  5:04  Probe  
  60  5:05  Probe  
  62  5:10  Forge  
  62  5:11  Probe  
  63  5:17  Probe  
  63  5:18  Stalker, Probe  
  63  5:19  Stalker  
  69  5:23  Probe  
  69  5:26  Robotics Facility  
  70  5:30  Probe x2 (Chrono Boost)  
  70  5:32  Pylon  
  73  5:36  Stalker  
  73  5:40  Probe (Chrono Boost)  
  73  5:41  Stalker  
  78  5:46  Probe x2 (Chrono Boost)  
  79  5:50  Stalker x2  
  79  5:51  Probe (Chrono Boost)  
  79  5:53  Probe  
  85  5:58  Probe  
  85  5:59  Assimilator  
  85  6:00  Assimilator, Stalker  
  85  6:02  Probe, Pylon  
  89  6:09  Stalker  
  89  6:10  Protoss Ground Weapons Level 1 (Chrono Boost)  
  89  6:13  Probe  
  89  6:15  Pylon  
  86  6:18  Stalker x2  
  86  6:23  Probe x2  
  90  6:25  Probe  
  89  6:35  Probe x2  
  89  6:37  Stalker x2  
  89  6:39  Robotics Facility, Robotics Bay  
  95  6:42  Pylon  
  95  6:44  Stalker x2  
  99  6:52  Pylon  
  99  7:00  Nexus  
  99  7:03  Stalker x2  
  99  7:04  Pylon  
  103  7:09  Observer (Chrono Boost)  
  104  7:17  Gateway  
  104  7:19  Gateway  
  104  7:20  Gateway  
  104  7:21  Photon Cannon  
  104  7:25  Gateway  
  104  7:27  Colossus x2 (Chrono Boost), Stalker  
  112  7:34  Pylon  
  112  7:35  Extended Thermal Lance  
  112  7:36  Probe  
  119  7:40  Probe x2  
  121  7:46  Stalker x2  
  121  7:50  Probe  
  126  7:57  Stalker x2  
  126  7:58  Protoss Ground Weapons Level 2 (Chrono Boost), Probe  
  131  8:01  Assimilator  
  131  8:04  Pylon  
  131  8:05  Assimilator  
  131  8:06  Shield Battery  
  131  8:07  Pylon  
  131  8:09  Colossus  
  131  8:10  Probe x2  
  133  8:13  Colossus  
  145  8:20  Probe  
  146  8:27  Charge (Chrono Boost)  
  146  8:28  Shield Battery  
  146  8:34  Photon Cannon  
  146  8:39  Pylon  
  146  8:42  Probe  
  146  8:45  Shield Battery  
  146  8:46  Gateway  
  146  8:47  Gateway  
  147  8:49  Gateway  
  147  8:52  Pylon  
  147  8:55  Stalker x3  
  153  9:01  Shield Battery  
  153  9:03  Pylon  
  153  9:06  Shield Battery  
  153  9:09  Photon Cannon  
  153  9:11  Shield Battery  
  157  9:18  Immortal (Chrono Boost)  
  157  9:20  Immortal (Chrono Boost)  
  157  9:24  Templar Archives  
  161  9:35  Gateway  
  161  9:40  Psionic Storm  
  161  9:41  Nexus  
  161  9:43  Pylon  
  161  9:46  Pylon  
  160  9:56  Protoss Ground Weapons Level 3 (Chrono Boost)  
  160  10:01  Stalker x2  
  160  10:05  Forge  
  161  10:11  High Templar x6  
  173  10:21  Nexus  
  173  10:22  High Templar x2  
  173  10:24  Pylon  
  177  10:28  Pylon  
  177  10:29  Archon  
  177  10:30  High Templar x2  
  177  10:31  Warp Prism  
  181  10:36  Warp Prism  
  181  10:38  Gravitic Drive  
  181  10:39  Protoss Ground Armor Level 1 (Chrono Boost)  
  185  10:43  Pylon  
  185  10:50  Shield Battery  
  185  10:52  Photon Cannon  
  185  10:54  Photon Cannon  
  185  10:58  High Templar x2, Photon Cannon  
  185  10:59  Zealot x4  
  185  11:00  Photon Cannon  
  185  11:02  Phoenix  
  185  11:03  Photon Cannon  
  199  11:07  Archon x2, Shield Battery  
  199  11:10  Assimilator  
  199  11:12  Photon Cannon  
  196  11:34  Stalker x3  
  196  11:35  Zealot x5, Stalker  
  196  11:38  Probe  
  195  11:42  Probe  
  196  11:47  Probe  
  196  11:51  Photon Cannon  
  196  11:53  Zealot  
  199  12:01  Probe x2  
  191  12:12  High Templar x3  
  191  12:13  High Templar  
  199  12:16  Archon  
  199  12:17  Gravitic Boosters  
  199  12:18  Archon  
  197  12:36  Photon Cannon  
  197  12:38  Photon Cannon  
  197  12:40  Photon Cannon  
  197  12:41  Stalker  
  197  12:42  Shield Battery  
  199  12:45  Zealot  
  197  12:54  Zealot  
  197  12:55  Shield Battery  
  197  12:56  Protoss Ground Armor Level 2 (Chrono Boost)  
  198  12:59  Shield Battery  
  198  13:00  Zealot, Photon Cannon  
  193  13:06  Protoss Shields Level 1 (Chrono Boost)  
  193  13:10  Zealot x4, Photon Cannon  
  193  13:12  Photon Cannon  
  193  13:16  Probe x2 (Chrono Boost)  
  196  13:23  Probe x2 (Chrono Boost)  
  196  13:24  Probe (Chrono Boost)  
  196  13:26  Probe x2 (Chrono Boost)  
  198  13:28  Photon Cannon  
  198  13:31  Photon Cannon x2  
  198  13:32  Probe (Chrono Boost)  
  198  13:33  Photon Cannon  
  199  13:36  Photon Cannon  
  199  13:39  Probe  
  200  13:46  Assimilator  
  200  13:51  Observer  
  196  13:56  Observer  
  196  14:07  Shield Battery  
  196  14:08  Pylon  
  192  14:11  Observer  
  194  14:17  Observer (Chrono Boost)  
  194  14:23  Protoss Air Weapons Level 1  
  182  14:37  High Templar x5  
  182  14:38  Observer (Chrono Boost), High Templar  
  190  14:39  Observer (Chrono Boost)  
  190  14:40  High Templar x4  
  190  14:42  Archon x2  
  200  14:46  Archon  
  200  14:49  Archon  
  198  14:54  Probe  
  198  14:56  Archon  
  191  15:04  Probe  
  194  15:08  Immortal  
  194  15:09  Archon  
  194  15:12  Zealot  
  194  15:13  Zealot  
  200  15:18  Observer  
  181  15:32  Zealot x7  
  191  15:39  Observer  
  184  15:43  Probe x2  
  184  15:44  Zealot  
  184  15:45  Protoss Shields Level 2 (Chrono Boost)  
  184  15:46  Protoss Ground Armor Level 3 (Chrono Boost)  
  184  15:48  Observer  
  177  15:52  Pylon  
  177  15:55  Stargate  
  175  15:57  Stargate  
  175  15:59  Fleet Beacon  
  175  16:00  Observer  
  175  16:01  High Templar x2  
  175  16:02  High Templar x2  
  184  16:08  Pylon  
  184  16:09  Observer  
  184  16:11  Nexus  
  183  16:20  Photon Cannon  
  183  16:22  Photon Cannon, Immortal  
  183  16:25  High Templar x4  
  191  16:30  Immortal  
  193  16:51  Pylon  
  193  16:52  Assimilator  
  193  17:08  Nexus  
  193  17:15  Zealot x8  
  169  17:16  Archon  
  169  17:17  Archon  
  169  17:18  Zealot  
  141  17:37  High Templar x8  
  141  17:41  Archon x3  
  141  17:42  High Templar, Archon  
  107  18:08  Probe x4  
  107  18:11  High Templar x6  
  107  18:12  Observer  
  121  18:20  Probe x2  
  121  18:21  Carrier (Chrono Boost)  
  121  18:23  Observer  
  121  18:26  Probe x2  
  123  18:36  Observer  
  123  18:37  High Templar x2  
  127  18:48  Observer  
  127  18:54  Carrier (Chrono Boost), Probe  
  134  18:59  Zealot x5  
  144  19:03  Photon Cannon  
  144  19:04  Photon Cannon  
  144  19:05  Shield Battery  
  144  19:07  Photon Cannon  
  144  19:09  Observer  
  150  19:12  Carrier (Chrono Boost)  
  150  19:13  Zealot x4  
  150  19:16  Assimilator  
  158  19:25  Carrier (Chrono Boost)  
  164  19:37  Carrier (Chrono Boost)  
  168  19:50  Assimilator, Pylon  
  168  19:52  Carrier (Chrono Boost), Pylon  
  174  20:06  Protoss Air Weapons Level 2 (Chrono Boost)  
  174  20:10  Photon Cannon  
  174  20:12  Photon Cannon  
  174  20:14  Photon Cannon  
  174  20:16  Shield Battery  
  174  20:22  Oracle  
  174  20:26  Zealot x2  
  178  20:31  Carrier (Chrono Boost)  
  182  20:47  Carrier (Chrono Boost)  
  172  20:52  High Templar  
  172  20:53  High Templar  
  172  20:54  Zealot x7  
  190  20:59  Photon Cannon  
  190  21:01  Archon  
  190  21:14  Zealot x2  
  190  21:15  Zealot x3  
  199  21:46  Photon Cannon  
  199  21:50  Photon Cannon x2  
  199  21:52  Shield Battery  
  199  21:58  Nexus, Pylon  
  195  22:13  Pylon  
  195  22:14  Protoss Shields Level 3 (Chrono Boost)  
  187  22:31  Protoss Air Weapons Level 3 (Chrono Boost)  
  187  22:32  Flux Vanes  
  199  22:37  Void Ray x2  
  199  22:38  Void Ray  
  199  22:46  Nexus, Observer  
  199  22:57  Shield Battery  
  197  22:59  Photon Cannon  
  197  23:01  Assimilator  
  197  23:03  Pylon  
  197  23:05  Photon Cannon  
  197  23:08  Photon Cannon  
  197  23:10  Photon Cannon, Zealot, Assimilator  
  198  23:23  Void Ray  
  198  23:26  Zealot  
  200  23:32  Archon  
  200  23:34  Zealot x2  
  186  23:42  Zealot x6  
  195  23:54  Zealot x3  
  197  24:02  Pylon  
  189  24:04  Nexus  
  187  24:10  Zealot x6  
  189  24:22  Observer  
  189  24:23  Observer  
  163  24:27  Zealot x3  
  154  24:39  Zealot x6  
  154  24:42  Carrier (Chrono Boost)  
  166  24:48  Shield Battery  
  166  24:50  Carrier x2 (Chrono Boost), Photon Cannon  
  166  24:52  High Templar x3, Photon Cannon  
  169  24:56  Observer  
  169  25:03  High Templar x5  
  169  25:06  Probe (Chrono Boost)  
  181  25:12  Probe x3 (Chrono Boost)  
  182  25:16  Probe (Chrono Boost)  
  182  25:18  Zealot  
  184  25:25  Observer x2  
  184  25:26  Zealot  
  184  25:27  Zealot x2  
  182  25:36  Zealot x5  
  185  25:43  Stalker  
Show
View Real Time Build Order
Export as new Build Order

Lambo Zerg 

Build Orders: Hatch First, Lurkers 

Get SALT Encoding   

  12  0:00  Drone  
  13  0:12  Overlord  
  13  0:16  Drone  
  14  0:30  Drone x2  
  16  0:42  Drone  
  17  0:51  Hatchery  
  17  0:54  Drone  
  17  0:57  Drone  
  18  1:08  Extractor  
  17  1:12  Spawning Pool  
  17  1:15  Drone  
  17  1:18  Drone  
  18  1:27  Drone  
  19  1:38  Drone  
  20  1:49  Overlord  
  20  1:59  Queen  
  22  2:02  Queen  
  22  2:03  Drone  
  22  2:04  Zergling x2  
  26  2:10  Metabolic Boost  
  26  2:11  Zergling x2  
  26  2:14  Drone  
  28  2:22  Drone  
  29  2:24  Drone  
  30  2:31  Drone  
  30  2:35  Drone  
  32  2:38  Hatchery  
  31  2:44  Queen  
  31  2:49  Overlord  
  33  2:59  Zergling x2  
  33  3:00  Zergling x2  
  33  3:04  Drone  
  36  3:07  Queen  
  36  3:11  Overlord  
  39  3:12  Zergling x2  
  39  3:13  Zergling x2, Drone  
  39  3:15  Drone  
  39  3:17  Drone  
  44  3:20  Drone  
  44  3:27  Overlord  
  44  3:29  Drone  
  44  3:31  Queen  
  47  3:35  Drone  
  47  3:38  Drone x2  
  50  3:48  Drone x4  
  52  3:55  Drone x4  
  51  4:01  Drone x2  
  49  4:04  Drone  
  49  4:10  Drone  
  49  4:12  Drone  
  49  4:15  Drone x2  
  52  4:23  Drone x3  
  55  4:30  Queen  
  54  4:33  Drone x2  
  54  4:34  Drone  
  54  4:38  Evolution Chamber  
  56  4:42  Drone x2, Spore Crawler  
  56  4:45  Drone x2  
  59  4:46  Drone  
  59  4:49  Drone, Spore Crawler  
  59  4:51  Drone  
  61  4:53  Drone  
  61  4:56  Drone x2  
  61  4:57  Drone  
  63  5:00  Drone  
  63  5:04  Overlord  
  63  5:05  Drone x2  
  66  5:11  Zerg Melee Weapons Level 1  
  66  5:21  Overlord  
  66  5:22  Overlord, Hatchery  
  66  5:24  Overlord  
  66  5:25  Drone  
  66  5:27  Drone x2  
  66  5:28  Drone  
  69  5:31  Zergling x6  
  71  5:36  Zergling x2, Drone  
  71  5:41  Extractor  
  72  5:43  Zergling x16  
  72  5:47  Zergling x8  
  84  5:50  Zergling x2  
  84  5:54  Lair  
  85  5:57  Zergling x4  
  85  6:01  Spore Crawler  
  85  6:04  Zergling x2  
  87  6:09  Zergling x4  
  87  6:10  Overlord x2  
  87  6:11  Roach Warren  
  88  6:12  Overlord x2  
  88  6:13  Overlord  
  88  6:15  Overlord  
  88  6:16  Overlord  
  87  6:20  Overlord  
  87  6:22  Zergling x4  
  87  6:24  Zergling x2  
  83  6:30  Drone x2  
  81  6:38  Zergling x18  
  81  6:39  Drone  
  90  6:43  Extractor, Drone  
  90  6:46  Drone x3  
  93  6:49  Drone x2  
  93  6:53  Drone  
  96  6:56  Drone  
  96  6:58  Glial Reconstitution  
  96  7:01  Drone x2, Baneling Nest  
  98  7:04  Extractor  
  98  7:05  Drone x7  
  103  7:08  Drone  
  103  7:12  Drone x2, Zerg Melee Weapons Level 2  
  103  7:13  Drone x2  
  103  7:14  Drone  
  107  7:17  Drone  
  107  7:18  Drone  
  107  7:21  Drone x3  
  111  7:23  Drone  
  111  7:28  Extractor  
  111  7:29  Roach x2  
  115  7:34  Roach x6  
  127  7:37  Overlord  
  127  7:38  Overseer  
  127  7:39  Overlord, Hatchery  
  127  7:41  Spore Crawler  
  125  7:45  Overlord  
  125  7:49  Overlord x3  
  125  7:50  Roach x2  
  129  7:55  Roach x3  
  129  7:57  Roach x2  
  139  7:59  Roach  
  139  8:04  Infestation Pit, Roach x2  
  144  8:06  Zergling x10  
  149  8:13  Drone  
  149  8:14  Drone x2  
  149  8:15  Extractor  
  149  8:16  Zergling x8  
  149  8:19  Zergling x10  
  160  8:20  Ravager  
  160  8:22  Centrifugal Hooks  
  160  8:25  Zergling x4  
  163  8:29  Baneling x7  
  163  8:31  Zergling x14  
  170  8:35  Zergling x6  
  170  8:40  Zergling x6  
  176  8:42  Hive  
  176  8:45  Overlord, Spine Crawler  
  176  8:46  Zergling x6  
  178  8:48  Baneling x4  
  178  8:50  Overlord  
  178  8:54  Zergling x10  
  182  8:58  Ravager  
  182  8:59  Zergling x10  
  182  9:02  Zergling x8, Hydralisk Den  
  191  9:03  Extractor  
  191  9:08  Zergling x2  
  191  9:09  Zergling x4  
  193  9:15  Extractor  
  192  9:17  Pneumatized Carapace  
  192  9:18  Evolution Chamber  
  192  9:21  Baneling x10  
  191  9:25  Zergling x2  
  191  9:26  Zergling x16  
  199  9:32  Overlord  
  199  9:34  Zerg Missile Weapons Level 1  
  199  9:39  Lurker Den  
  198  9:50  Baneling x7  
  198  9:52  Baneling x3  
  198  10:08  Overseer  
  198  10:10  Adrenal Glands, Muscular Augments  
  194  10:19  Viper  
  196  10:25  Overseer  
  196  10:29  Drone x2  
  196  10:30  Drone  
  196  10:31  Drone, Spine Crawler  
  196  10:33  Zerg Melee Weapons Level 3  
  199  10:39  Spore Crawler  
  199  10:41  Spine Crawler  
  199  10:42  Extractor  
  196  10:45  Extractor  
  196  10:47  Seismic Spines  
  195  11:09  Baneling x4  
  192  11:14  Grooved Spines  
  191  11:22  Hydralisk x4  
  197  11:29  Hydralisk x3  
  197  11:30  Hydralisk  
  190  11:37  Hydralisk x3  
  165  11:44  Hydralisk x2  
  165  11:45  Adaptive Talons  
  165  11:46  Drone x3  
  164  11:48  Lurker  
  164  11:49  Lurker x3  
  164  11:51  Zergling x66  
  199  11:57  Lurker x3  
  197  12:02  Lurker x2  
  197  12:07  Lurker  
  193  12:10  Lurker  
  184  12:30  Hydralisk x8  
  196  12:39  Lurker x2  
  189  12:57  Hydralisk x4  
  183  13:00  Hatchery  
  183  13:01  Hydralisk x2  
  169  13:06  Hydralisk x2  
  169  13:07  Lurker x2  
  169  13:11  Overlord  
  174  13:16  Zerg Missile Weapons Level 2  
  174  13:19  Lurker  
  170  13:23  Zergling x26  
  182  13:38  Lurker x4  
  182  13:39  Zergling x10  
  191  13:47  Spire  
  190  13:53  Lurker  
  190  13:54  Drone x7  
  190  13:55  Extractor  
  195  13:59  Extractor  
  194  14:08  Hatchery  
  192  14:11  Spore Crawler  
  192  14:13  Spine Crawler x2  
  192  14:15  Spore Crawler  
  192  14:16  Hydralisk x2  
  192  14:24  Lurker x2  
  192  14:25  Zergling x10  
  198  14:37  Zergling x2  
  198  14:38  Zergling x8  
  198  14:51  Hydralisk x11  
  196  14:56  Hydralisk x7  
  196  14:59  Hydralisk  
  197  15:08  Hydralisk  
  193  15:20  Hydralisk x5  
  193  15:21  Roach x4  
  190  15:22  Lurker x2, Overseer  
  167  15:42  Zergling x18  
  161  15:47  Drone x2, Queen x5  
  159  15:53  Lurker x5  
  159  15:54  Drone x4  
  167  15:57  Lurker  
  167  15:58  Drone  
  167  16:01  Hatchery  
  167  16:03  Lurker  
  169  16:05  Zergling x8  
  169  16:08  Drone  
  169  16:10  Drone, Lurker  
  171  16:18  Hydralisk x4  
  171  16:23  Hydralisk x3  
  171  16:25  Drone  
  185  16:26  Zerg Missile Weapons Level 3  
  185  16:30  Zergling x6  
  188  16:40  Zerg Flyer Weapons Level 1  
  188  16:45  Hydralisk x3  
  188  16:46  Overlord  
  194  16:53  Lurker x2  
  194  16:54  Lurker  
  164  17:17  Zergling x56  
  169  17:23  Roach Warren  
  169  17:24  Zergling x4  
  170  17:31  Lurker x3  
  170  17:32  Overseer  
  170  17:37  Zergling x20  
  183  17:42  Overseer  
  179  17:54  Hydralisk x9  
  162  18:02  Hydralisk x2  
  137  18:08  Hydralisk x2  
  137  18:10  Hydralisk  
  137  18:11  Viper  
  121  18:19  Hydralisk x2  
  125  18:21  Hydralisk  
  125  18:26  Lurker x3  
  130  18:29  Viper  
  130  18:33  Viper  
  136  18:34  Lurker  
  136  18:36  Lurker  
  136  18:37  Lurker  
  136  18:39  Lurker  
  136  18:40  Lurker  
  141  18:43  Drone  
  141  18:45  Lurker x3  
  145  18:50  Lurker x3  
  148  18:59  Lurker x2  
  150  19:08  Hydralisk  
  150  19:09  Hydralisk x4  
  160  19:11  Hydralisk  
  160  19:13  Lurker  
  163  19:19  Zergling x8  
  163  19:22  Overseer  
  168  19:24  Roach x2  
  168  19:27  Zergling x6  
  173  19:36  Lurker x4  
  177  19:43  Hydralisk x4  
  185  19:48  Hydralisk  
  185  19:49  Hydralisk  
  189  19:54  Hydralisk  
  189  19:57  Zergling x6  
  189  19:58  Lurker  
  195  20:02  Hydralisk  
  197  20:19  Overseer x2  
  191  20:39  Overseer, Corruptor x4  
  198  20:45  Corruptor x7  
  179  20:51  Corruptor  
  179  20:55  Corruptor  
  168  20:59  Corruptor  
  168  21:03  Corruptor  
  171  21:12  Corruptor  
  171  21:13  Corruptor  
  174  21:24  Drone x13  
  185  21:26  Zerg Flyer Armor Level 1  
  185  21:27  Extractor x2  
  185  21:31  Lurker x2  
  183  21:40  Corruptor x2  
  187  21:53  Spore Crawler  
  194  21:54  Roach x4  
  193  22:07  Extractor  
  183  22:12  Roach  
  183  22:13  Roach  
  187  22:19  Spore Crawler  
  187  22:20  Spore Crawler  
  185  22:25  Corruptor  
  185  22:28  Overlord  
  184  22:30  Overlord  
  184  22:31  Overlord  
  184  22:32  Overlord  
  184  22:34  Overlord x2  
  184  22:35  Lurker x2  
  186  22:40  Overlord  
  186  22:42  Overlord  
  186  22:45  Lurker  
  187  22:53  Spore Crawler  
  187  22:54  Spore Crawler  
  183  22:59  Zergling x32  
  183  23:05  Overlord  
  199  23:10  Zerg Ground Armor Level 1  
  199  23:20  Zerg Flyer Weapons Level 2  
  196  23:27  Spine Crawler  
  177  23:34  Hydralisk  
  177  23:35  Hydralisk x6  
  177  23:37  Corruptor  
  177  23:38  Corruptor  
  183  23:46  Zergling x12  
  162  24:06  Corruptor x3  
  162  24:09  Corruptor  
  154  24:10  Corruptor  
  149  24:19  Hydralisk  
  149  24:20  Hydralisk  
  121  24:30  Zergling x6  
  116  24:39  Lurker  
  117  24:50  Roach x4  
  119  24:57  Lurker x3  
  118  25:06  Roach x2  
  121  25:11  Extractor, Roach  
  122  25:16  Roach  
  124  25:26  Zergling x8  
Tags
 
Add a new tag
Caveats
  • Supply blocks, unpowered buildings, or Contaminate may cause inaccurate times.
  • Supply counts are checked every 10 seconds.